 Dungeon Sprint DCSS version 0.17-a0-1996-gd2c0ec8 (webtiles) character file.

4155 hexophile the Brawler (level 10, -5/105 HPs)
             Began as a Troll Monk on Oct 7, 2015.
             Was a Priest of Ru.
             Slain by a crocodile (16 damage)
             ... in the Dungeon (Sprint IX: "|||||||||||||||||||||||||||||").
             The game lasted 00:06:43 (866 turns).

hexophile the Brawler (Troll Monk)                   Turns: 866, Time: 00:06:43

Health: -5/105     AC:  7    Str: 21    XL:     10   Next: 7%
Magic:  9/9        EV: 14    Int:  9    God:    Ru [***...]
Gold:   0          SH:  0    Dex: 15    Spells: 0 memorised, 9 levels left

rFire  . . .     SeeInvis .       - Unarmed
rCold  . . .     Clarity  .     a - +0 robe
rNeg   . . .     SustAt   .     (no shield)
rPois  .         Gourm    +     (helmet restricted)
rElec  .         Spirit   .     (no cloak)
rCorr  .         Warding  .     (gloves unavailable)
rMut   .         NoTele   +     (boots unavailable)
MR     .....                    (no amulet)
Stlth  ++........               k - +2 ring of protection
                                l - +3 ring of intelligence

@: not resistant to hostile enchantments, unstealthy
A: unfitting armour, claws 3, fast metabolism 3, gourmand, regeneration 2,
shaggy fur 1, tough skin 2, inability to train armour, unskilled 1
a: Sacrifice Love, Sacrifice Purity, Sacrifice Stealth, Reject Sacrifices, Draw
Out Power, Renounce Religion


You were in the Dungeon.
You worshipped Ru.
Ru was most pleased with you.
You were full.

You visited 1 branch


Innate Abilities, Weirdness & Mutations

You are too large for most types of armour.
You have claws for hands.
Your metabolism is lightning-fast.
You like to eat raw meat.
You heal very quickly.
You are covered in fur (AC +1).
You have very tough skin (AC +2).
You cannot train Armour skill.
You are somewhat unskilled (-1 Apt).

Inventory:

Armour
 a - a +0 robe (worn)
Jewellery
 k - a +2 ring of protection (right claw)
 l - a +3 ring of intelligence (left claw)
Wands
 j - a wand of draining (9)
Scrolls
 g - 4 scrolls of remove curse
 h - 2 scrolls of blinking
 i - 2 scrolls of amnesia
 s - a scroll of fog
 t - a scroll of identify
Potions
 c - 4 potions of curing
 e - a potion of haste
 f - 4 potions of magic
 n - 2 potions of might
 o - 3 potions of heal wounds
 p - a potion of cure mutation {!q}
Miscellaneous
 q - a plain deck of changes {drawn: 2}
Comestibles
 b - 2 bread rations


You had 9 spell levels left.
You didn't know any spells.


   Skills:
 * Level 8.3 Fighting
 * Level 8.3 Dodging
 - Level 1.0 Stealth
 - Level 16.6 Unarmed Combat

Dungeon Overview and Level Annotations

Branches:
Dungeon (1/1)

Altars:
Cheibriados
Dithmenos
Elyvilon
Fedhas
Gozag
Kikubaaqudgha
Makhleb
Nemelex Xobeh
Okawaru
Qazlal
Ru
Sif Muna
Trog
Vehumet
Xom
Yredelemnul
Zin
The Shining One
Beogh
Jiyva
Lugonu

Vault maps used:
D:        linesprint
You       could see a blink frog, a crocodile and 3 giant frogs.


Message History

You completely miss the blink frog. Your claw misses the blink frog.
The blink frog blinks!
A black mamba comes into view.
Unknown command.
Drink which item? (? for menu, Esc to quit)
You feel much better.
The blink frog blinks!
You regained 24 hp, and now have 33/104 hp.
The blink frog begins to attack, but is stunned by your will!
You redirect the blink frog's attack!
The blink frog momentarily phases out as the blink frog's attack passes through it.
You miss the blink frog. The blink frog hits you.
* * * LOW HITPOINT WARNING * * *
The blink frog blinks!
You take 3 damage, and have 32/104 hp.
The blink frog begins to attack, but is stunned by your will!
You are struck by the porcupine's spines.
* * * LOW HITPOINT WARNING * * *
You scratch the porcupine.
The porcupine is lightly wounded.
The porcupine bites you.
* * * LOW HITPOINT WARNING * * *
You take 16 damage, and have 17/104 hp.
Unknown command.
Throwing (i - inventory):
m - 2 large rocks (quivered)
Press: ? - help, Shift-Dir - straight line, f - porcupine
Aim: a porcupine (lightly wounded)
You throw a large rock. The large rock hits the porcupine!
The porcupine is severely wounded.
The porcupine misses you.
Ru believes you are ready to make a new sacrifice.
Unknown command.
Throwing (i - inventory):
m - a large rock (quivered)
Press: ? - help, Shift-Dir - straight line, f/p - porcupine
Aim: a porcupine (severely wounded)
You throw a large rock. The large rock hits the porcupine!!
You kill the porcupine!
The blink frog blinks!
Unknown command.
You barely miss the crocodile. The crocodile barely misses you.
Unknown command.
You mangle the crocodile!!
The crocodile is severely wounded.
The blink frog hits you!
* * * LOW HITPOINT WARNING * * *
You take 8 damage, and have 11/105 hp.
Unknown command.
You scratch the crocodile.
The crocodile is almost dead.
The blink frog completely misses you. The crocodile bites you!
You die...

Action                   |  1- 3 |  4- 6 |  7- 9 | 10-12 || total
-------------------------+-------+-------+-------+-------++-------
Melee: Unarmed           |    27 |    36 |    53 |     6 ||   122
Throw: Large rock        |       |       |     9 |     2 ||    11
Invok: Sacrifice Skill   |       |     1 |       |       ||     1
       Draw Out Power    |       |       |     1 |       ||     1
       Sacrifice Durabil |       |       |     1 |       ||     1
Evoke: Wand              |       |     2 |     5 |       ||     7
       Deck              |       |       |     2 |       ||     2
  Use: Potion            |     2 |       |     5 |     1 ||     8
       Scroll            |       |       |     2 |       ||     2
 Stab: Invisible         |       |       |     1 |       ||     1
  Eat: Chunk             |       |     5 |     6 |       ||    11

Notes
Turn   | Place    | Note
--------------------------------------------------------------
     0 | D        | hexophile the Troll Monk began the quest for the Orb.
     0 | D        | Reached XP level 1. HP: 22/22 MP: 0/0
    16 | D        | Reached skill level 5 in Unarmed Combat
    17 | D        | Reached XP level 2. HP: 23/29 MP: 1/1
    44 | D        | Noticed a worker ant
    44 | D        | Noticed an orc priest
    44 | D        | Noticed an ogre
    55 | D        | Killed an ogre
    55 | D        | Reached skill level 9 in Unarmed Combat
    55 | D        | Reached XP level 3. HP: 27/36 MP: 2/2
    55 | D        | Reached XP level 4. HP: 33/44 MP: 3/3
    62 | D        | Killed an orc priest
    62 | D        | Reached skill level 10 in Unarmed Combat
    68 | D        | Killed a worker ant
    68 | D        | Reached XP level 5. HP: 23/50 MP: 4/4
    78 | D        | Reached skill level 11 in Unarmed Combat
   111 | D        | Found a glowing silver altar of Zin.
   111 | D        | Found a glowing golden altar of the Shining One.
   111 | D        | Found an ancient bone altar of Kikubaaqudgha.
   111 | D        | Found a basalt altar of Yredelemnul.
   111 | D        | Found a shimmering altar of Xom.
   111 | D        | Found a radiant altar of Vehumet.
   112 | D        | Found an iron altar of Okawaru.
   113 | D        | Found a burning altar of Makhleb.
   114 | D        | Found a deep blue altar of Sif Muna.
   115 | D        | Found a bloodstained altar of Trog.
   116 | D        | Found a sparkling altar of Nemelex Xobeh.
   117 | D        | Found a white marble altar of Elyvilon.
   118 | D        | Found a roughly hewn altar of Beogh.
   119 | D        | Found a viscous altar of Jiyva.
   120 | D        | Found a corrupted altar of Lugonu.
   121 | D        | Found a blossoming altar of Fedhas.
   122 | D        | Found a snail-covered altar of Cheibriados.
   123 | D        | Found a shadowy altar of Dithmenos.
   124 | D        | Found a stormy altar of Qazlal.
   125 | D        | Found an opulent altar of Gozag.
   126 | D        | Found a sacrificial altar of Ru.
   134 | D        | Became a worshipper of Ru the Awakened
   137 | D        | Gained mutation: You are somewhat unskilled (-1 Apt). [Ru sacrifice]
   137 | D        | Reduced skill Unarmed Combat to level 10
   137 | D        | Acquired Ru's first power
   156 | D        | Noticed an orc warrior
   156 | D        | Noticed a giant frog
   156 | D        | Noticed a crimson imp
   156 | D        | Noticed a hound
   166 | D        | Killed a hound
   171 | D        | Killed a giant frog
   171 | D        | Reached skill level 11 in Unarmed Combat
   174 | D        | Killed an orc warrior
   174 | D        | Reached skill level 12 in Unarmed Combat
   174 | D        | Reached XP level 6. HP: 18/57 MP: 5/5
   174 | D        | Killed an unseen horror
   174 | D        | Reached skill level 15 in Unarmed Combat
   174 | D        | Reached XP level 7. HP: 20/65 MP: 6/6
   175 | D        | Killed a crimson imp
   181 | D        | Killed an unseen horror
   181 | D        | Reached skill level 16 in Unarmed Combat
   181 | D        | Reached XP level 8. HP: 29/72 MP: 7/7
   355 | D        | Noticed a gargoyle
   355 | D        | Noticed a wasp
   355 | D        | Noticed an iguana
   355 | D        | Noticed a cyclops
   355 | D        | Noticed an iguana
   355 | D        | Noticed a worker ant
   356 | D        | Killed a worker ant
   356 | D        | Killed an iguana
   366 | D        | Killed a cyclops
   367 | D        | Killed an iguana
   370 | D        | Killed a wasp
   378 | D        | Killed a gargoyle
   378 | D        | Reached skill level 5 in Fighting
   378 | D        | Reached skill level 5 in Dodging
   378 | D        | Reached XP level 9. HP: 38/88 MP: 8/8
   528 | D        | Gained mutation: You cannot train Armour skill. [Ru sacrifice]
   528 | D        | Acquired Ru's second power
   528 | D        | Acquired Ru's third power
   566 | D        | Noticed a giant frog
   566 | D        | Noticed a komodo dragon
   566 | D        | Noticed a water moccasin
   566 | D        | Noticed a porcupine
   566 | D        | Noticed an iguana
   566 | D        | Noticed a water moccasin
   568 | D        | Noticed a four-headed hydra
   576 | D        | Killed a water moccasin
   577 | D        | Noticed a crocodile
   580 | D        | Killed an iguana
   582 | D        | Killed a porcupine
   585 | D        | Killed a water moccasin
   586 | D        | Noticed a wolf
   589 | D        | Killed a komodo dragon
   600 | D        | HP: 4/92 [poisoned by a water moccasin]
   756 | D        | Killed a giant frog
   783 | D        | Killed a crocodile
   786 | D        | Killed a wolf
   794 | D        | Killed a five-headed hydra
   833 | D        | Noticed a giant frog
   833 | D        | Noticed a crocodile
   833 | D        | Noticed a blink frog
   833 | D        | Noticed a griffon
   833 | D        | Noticed a porcupine
   833 | D        | Noticed a black mamba
   848 | D        | Killed a black mamba
   849 | D        | Noticed a giant frog
   853 | D        | Noticed a giant frog
   854 | D        | Killed a griffon
   854 | D        | Reached XP level 10. HP: 8/104 MP: 9/9
   856 | D        | Noticed a black mamba
   863 | D        | Killed a porcupine
   866 | D        | Slain by a crocodile

Table legend:
 A = Turns spent in this place as a percentage of turns spent in the entire game.
 B = Non-inter-level travel turns spent in this place as a percentage of non-inter-level travel turns spent in the entire game.
 C = Inter-level travel turns spent in this place as a percentage of turns spent in this place.
 D = Turns resting spent in this place as a percentage of non-inter-level travel turns spent in this place.
 E = Turns spent auto-exploring this place as a percentage of non-inter-level travel turns spent in this place.
 F = Non-inter-level travel turns spent in this place divided by the number of levels of this place that you've seen.
                   A       B       C       D       E      F
               +-------+-------+-------+-------+-------+----------------------
         Total | 100.0 | 100.0 |   0.0 |   4.7 |   0.8 | 516.0
       Dungeon | 100.0 | 100.0 |   0.0 |   4.7 |   0.8 | 516.0
               +-------+-------+-------+-------+-------+----------------------

Table legend:
 A = Kills in this place as a percentage of kills in entire the game.
 B = Kills by you in this place as a percentage of kills by you in the entire game.
 C = Kills by friends in this place as a percentage of kills by friends in the entire game.
 D = Other kills in this place as a percentage of other kills in the entire game.
 E = Experience gained in this place as a percentage of experience gained in the entire game.
 F = Experience gained in this place divided by the number of levels of this place that you have seen.
                   A       B       C       D       E      F
               +-------+-------+-------+-------+-------+----------------------
         Total | 100.0 | 100.0 |  -nan |  -nan | 100.0 | 5936.0
       Dungeon | 100.0 | 100.0 |  -nan |  -nan | 100.0 | 5936.0
               +-------+-------+-------+-------+-------+----------------------

Vanquished Creatures
  A hydra (D)
  2 unseen horrors (D)
  A griffon (D)
  A cyclops (D)
  A black mamba (D)
  A gargoyle (D)
  A komodo dragon (D)
  2 porcupines (D)
  A wolf (D)
  An orc warrior (D)
  2 water moccasins (D)
  A wasp (D)
  An ogre (D)
  A crocodile (D)
  2 giant frogs (D)
  A hound (D)
  A crimson imp (D)
  An orc priest (D)
  2 worker ants (D)
  3 iguanas (D)
  An adder (D)
  An ooze (D)
  A goblin (D)
  A hobgoblin (D)
  2 kobolds (D)
  A giant newt (D)
34 creatures vanquished.
